 Dungeon Crawl Stone Soup version 0.31-a0-1-g4198be8af4 (webtiles) character file.

Game seed: 14970279789841803972

242 ytrimaz the Ducker (level 6, -1/53 HPs)
             Began as a Gnoll Monk on May 1, 2023.
             Splashed by a jelly's acid (10 damage)
             ... on level 5 of the Dungeon.
             The game lasted 00:03:34 (3568 turns).

ytrimaz the Ducker (Gnoll Monk)                     Turns: 3568, Time: 00:03:35

Health: -1/53      AC: -1    Str: 10    XL:     6   Next: 9%
Magic:  8/8        EV:  2    Int: 12    God:
Gold:   141        SH:  0    Dex: 14    Spells: 8/8 levels left

rFire   . . .        a - +0 hand axe
rCold   . . .        d - orb {light}
rNeg    . . .        m - +0 plate armour
rPois   .            (no helmet)
rElec   .            (no cloak)
rCorr   .            (no gloves)
SInv    .            (no boots)
Will    +....        (no amulet) Stlth
                     n - ring of willpower
HPRegen 0.28/turn    (no ring)
MPRegen 0.11/turn

%: no passive effects
@: corroded, glowing
A: fangs 1, strong nose, distributed training
a: no special abilities


You were on level 5 of the Dungeon.
You visited 1 branch of the dungeon, and saw 5 of its levels.

You collected 141 gold pieces.


Innate Abilities, Weirdness & Mutations

You have very sharp teeth.
Your uncanny sense of smell can sniff out nearby items.
Your experience applies equally to all skills.


   Skills:
 + Level 6.8 Fighting
 + Level 1.9 Short Blades
 + Level 1.9 Long Blades
 + Level 6.8 Axes
 + Level 1.9 Maces & Flails
 + Level 1.9 Polearms
 + Level 1.9 Staves
 + Level 1.9 Ranged Weapons
 + Level 1.9 Throwing
 + Level 1.9 Armour
 + Level 6.8 Dodging
 + Level 1.9 Stealth
 + Level 1.9 Shields
 + Level 1.9 Unarmed Combat
 + Level 1.9 Spellcasting
 + Level 1.5 Conjurations
 + Level 1.5 Hexes
 + Level 1.5 Summonings
 + Level 1.5 Necromancy
 + Level 1.5 Translocations
 + Level 1.5 Transmutations
 + Level 1.5 Fire Magic
 + Level 1.5 Ice Magic
 + Level 1.5 Air Magic
 + Level 1.5 Earth Magic
 + Level 1.5 Poison Magic
 + Level 2.1 Invocations
 + Level 1.9 Evocations


You had 8 spell levels left.
You didn't know any spells.
Your spell library contained the following spells:

 Spells                   Type           Power      Damage    Failure   Level
 Shock                    Conj/Air       16%        1d4       100%        1
 Sting                    Tmut/Pois      16%        1d3       100%        1
 Lesser Beckoning         Tloc           8%         N/A       100%        2
 Poisonous Vapours        Pois/Air       8%         N/A       100%        2
 Call Canine Familiar     Summ           4%         N/A       100%        3
 Gell's Gravitas          Tloc           4%         N/A       100%        3
 Portal Projectile        Hex/Tloc       8%         N/A       100%        3
 Swiftness                Air            4%         N/A       100%        3
 Teleport Other           Tloc           4%         N/A       100%        3
 Airstrike                Air            2%         2d(1-17)  100%        4
 Leda's Liquefaction      Hex/Erth       2%         N/A       100%        4
 Olgreb's Toxic Radiance  Pois           4%         N/A       100%        4

Inventory:

Hand Weapons
 a - a +0 hand axe (weapon)
Armour
 b - a +0 robe
 d - an orb of light (worn)
 m - a +0 plate armour (worn)
   (You found it on level 3 of the Dungeon)
Jewellery
 n - a ring of willpower (left hand)
   (You found it on level 3 of the Dungeon)
Wands
 g - a wand of flame (16)
   (You found it on level 4 of the Dungeon)
 s - a wand of paralysis (7)
   (You found it on level 4 of the Dungeon)
Scrolls
 e - a scroll of teleportation
 q - a scroll of amnesia
Potions
 c - a potion of ambrosia
 f - 3 potions of curing
 h - 2 potions of berserk rage {unknown}
 i - a potion of magic {unknown}
 j - 2 potions of cancellation
 k - a potion of might {unknown}
 l - a potion of invisibility {unknown}
 o - a potion of mutation {unknown}
 p - 2 potions of brilliance {unknown}
 r - a potion of lignification {unknown}

Dungeon Overview and Level Annotations

Branches:
Dungeon (5/15) Zot: 26439
 Temple: D:4-7

Altars:
Nemelex Xobeh

Shops:
D:1 ( D:4

[ #. #.# ######### ∆
#.# #........ #
#.###.########
#.#.##.........#####
#.#.##...#####......
#..#.###.####..####
##...# (...#..#
#.@#.# .##.#..#
∆#.#J##.. ###.#..# #
#.# .## #.#..# #.#
.# #.#..####
#.##.#####[#......
#.##.........#####
..########.### ###
#.# #.#


You could see a jelly.


Message History

The scorpion stings you but does no damage.
You completely miss the scorpion. The scorpion stings you. 😕 HP[-6]
You take 6 damage, and now have 38/47 hp.
You barely miss the scorpion. Your bite misses the scorpion.
The scorpion stings you but does no damage.
Unknown command.
You hit the scorpion.
The scorpion stings you but does no damage. 😕 HP[+1]
You barely miss the scorpion.
You bite the scorpion, but do no damage.
The scorpion stings you. 😕 HP[-1]
You take 1 damage, and now have 38/47 hp.
You slash the scorpion!
You kill the scorpion!
Your Invocations skill increases to level 2!
You have reached level 6!
You see here a scorpion corpse. 😕 HP[+5] MP[+1]
You now have 53 max hp (+6).
You regained 5 hp, and now have 43/53 hp.
Your mp is fully restored (8).
You open the door.
There is an open door here.
Key pressed, stopping explore.
There is an open door here.
Key pressed, stopping explore.
There is an open door here.
There is an open door here.
There is a large open door here.
There is a large open door here.
There is an open door here.
You see here 5 stones.
You open the door.
There is an open door here.
Done exploring. 😎 HP[+10]
Your hp is fully restored (53).
No target in view!
Done exploring.
As you read the scroll labelled KIJAIGGAPA, it crumbles to dust.
Magic quickly surges around you.
It was a scroll of vulnerability.
Unknown command.
As you read the scroll labelled TIFISA PIYS, it crumbles to dust.
A profound silence engulfs you.
It was a scroll of silence.
You start waiting.
Your hearing returns.
You feel your willpower return.
There is a stone staircase leading down here.
You climb downwards.
Found a leather armour.
Found a stone staircase leading down and a stone staircase leading up.
There is a stone staircase leading up here.
Unknown command.
Key pressed, stopping explore.
Key pressed, stopping explore.
A jelly comes into view.
The jelly quivers.
A jelly is nearby!
You hit the jelly. The acid corrodes you!
Your hands burn!
You bite the jelly, but do no damage.
The jelly hits you but does no damage. 😕 HP[-4]
You take 4 damage, and now have 49/53 hp.
A jelly is nearby!
You hit the jelly.
Your hands burn! 😕 HP[-2]
You take 2 damage, and now have 47/53 hp.
A jelly is nearby!
You hit the jelly. The acid corrodes you!
Your hands burn!
The jelly hits you.
You are splashed with acid! 😮 HP[-13]
You take 13 damage, and now have 34/53 hp.
MASSIVE DAMAGE!! (PAUSE)
You hit the jelly but do no damage.
Your hands burn!
The jelly hits you.
You are splashed with acid!
* * * LOW HITPOINT WARNING * * *
You are too injured to fight recklessly! 😨 HP[-13]
You take 13 damage, and now have 21/53 hp.
MASSIVE DAMAGE!! (PAUSE)
You are too injured to fight recklessly!
You hit the jelly.
Your hands burn!
* * * LOW HITPOINT WARNING * * *
The jelly hits you but does no damage. 😨 HP[-4]
You take 4 damage, and now have 17/53 hp.
You hit the jelly but do no damage. The acid corrodes you!
Your hands burn!
* * * LOW HITPOINT WARNING * * *
The jelly hits you but does no damage. 😨 HP[-1]
You take 1 damage, and now have 16/53 hp.
Unknown command.
You hit the jelly.
Your hands burn!
* * * LOW HITPOINT WARNING * * *
The jelly hits you.
* * * LOW HITPOINT WARNING * * *
The acid corrodes you!
You are splashed with acid!
You die...

Skill      XL: |  1  2  3  4  5 |
---------------+----------------+-----
Invocations    | 1 2 |  2.1
Short Blades   | 1 |  1.9
Long Blades    | 1 |  1.9
Maces & Flails | 1 |  1.9
Polearms       | 1 |  1.9
Staves         | 1 |  1.9
Ranged Weapons | 1 |  1.9
Throwing       | 1 |  1.9
Armour         | 1 |  1.9
Stealth        | 1 |  1.9
Shields        | 1 |  1.9
Unarmed Combat | 1 |  1.9
Spellcasting   | 1 |  1.9
Evocations     | 1 |  1.9
Conjurations   | 1 |  1.5
Hexes          | 1 |  1.5
Summonings     | 1 |  1.5
Necromancy     | 1 |  1.5
Translocations | 1 |  1.5
Transmutations | 1 |  1.5
Fire Magic     | 1 |  1.5
Ice Magic      | 1 |  1.5
Air Magic      | 1 |  1.5
Earth Magic    | 1 |  1.5
Poison Magic   | 1 |  1.5
Fighting       | |  6.8
Axes           | |  6.8
Dodging        | |  6.8

Action                     |  1- 3 |  4- 6 || total
---------------------------+-------+-------++-------
  Melee: Hand axe          |   102 |   151 ||   253
         Bite              |    13 |    16 ||    29
    Use: Scroll            |     2 |     6 ||     8
         Potion            |       |     1 ||     1
   Stab: Sleeping          |     1 |       ||     1
 Armour: Robe              |    20 |     2 ||    22
         Plate armour      |       |   104 ||   104
  Dodge: Dodged            |    56 |    26 ||    82

Levels and vault maps discovered:
D:1:      noname_arrival_rooms_in_the_neighbourhood, layout_basic, serial_shops,
          shop
D:2:      layout_loops_ring, basic_altar, minmay_rat_gold_closets
D:3:      layout_loops_ring, dreamdust_princess_corridor, grunt_ministairs_13
D:4:      layout_basic, serial_shops, shop
D:5:      layout_loops_ring, mainiacjoe_overflow_small_starburst,
          mainiacjoe_overflow_alcove_1, gammafunk_temple_overflow_arena,
          serial_shops, shop_statue, wad_floor_pattern_1, roderic_roman_lattice,
          minmay_manual_mess

Notes
Turn   | Place    | Note
-------+----------+-------------------------------------------
     0 | D:1      | ytrimaz the Gnoll Monk began the quest for the Orb.
     0 | D:1      | Reached XP level 1. HP: 23/23 MP: 1/1
     0 | D:1      | magus.rc [v1.9.6]
    67 | D:1      | Reached XP level 2. HP: 29/29 MP: 2/2
    70 | D:1      | You add the spells Sting, Poisonous Vapours and Olgreb's
                  | Toxic Radiance to your library.
   278 | D:1      | Found Heikiawe's Antique Weapon Emporium.
   760 | D:2      | Found a sparkling altar of Nemelex Xobeh.
   766 | D:2      | Reached XP level 3. HP: 29/35 MP: 3/3
   907 | D:2      | Reached skill level 1 in Invocations
   927 | D:2      | You pick up a book of Air and begin reading...
   927 | D:2      | You add the spells Shock, Swiftness and Airstrike to your
                  | library.
  1084 | D:2      | Reached skill level 1 in Short Blades
  1084 | D:2      | Reached skill level 1 in Long Blades
  1084 | D:2      | Reached skill level 1 in Maces & Flails
  1084 | D:2      | Reached skill level 1 in Polearms
  1084 | D:2      | Reached skill level 1 in Staves
  1084 | D:2      | Reached skill level 1 in Ranged Weapons
  1084 | D:2      | Reached skill level 1 in Throwing
  1084 | D:2      | Reached skill level 1 in Armour
  1084 | D:2      | Reached skill level 1 in Stealth
  1084 | D:2      | Reached skill level 1 in Shields
  1084 | D:2      | Reached skill level 1 in Unarmed Combat
  1084 | D:2      | Reached skill level 1 in Spellcasting
  1084 | D:2      | Reached skill level 1 in Evocations
  1194 | D:2      | You pick up a book of Displacement and begin reading...
  1194 | D:2      | You add the spells Lesser Beckoning, Gell's Gravitas and
                  | Teleport Other to your library.
  1292 | D:2      | Reached XP level 4. HP: 38/41 MP: 5/5
  1732 | D:3      | Reached skill level 1 in Conjurations
  1732 | D:3      | Reached skill level 1 in Hexes
  1732 | D:3      | Reached skill level 1 in Summonings
  1732 | D:3      | Reached skill level 1 in Necromancy
  1732 | D:3      | Reached skill level 1 in Translocations
  1732 | D:3      | Reached skill level 1 in Transmutations
  1732 | D:3      | Reached skill level 1 in Fire Magic
  1732 | D:3      | Reached skill level 1 in Ice Magic
  1732 | D:3      | Reached skill level 1 in Air Magic
  1732 | D:3      | Reached skill level 1 in Earth Magic
  1732 | D:3      | Reached skill level 1 in Poison Magic
  1813 | D:3      | HP: 10/41 [gnoll/+0 spear (7)]
  1932 | D:3      | Reached XP level 5. HP: 40/47 MP: 7/7
  2893 | D:4      | You pick up a book of the Hunter and begin reading...
  2893 | D:4      | You add the spells Call Canine Familiar, Portal Projectile
                  | and Leda's Liquefaction to your library.
  2961 | D:4      | Found Ynuirphu's Armour Shoppe.
  3279 | D:4      | Reached skill level 2 in Invocations
  3279 | D:4      | Reached XP level 6. HP: 43/53 MP: 8/8
  3506 | D:5      | Entered Level 5 of the Dungeon
  3568 | D:5      | HP: 12/53 [acid (4)]
  3568 | D:5      | Splashed by a jelly's acid

Vanquished Creatures
  A scorpion (D:4)
  An iguana (D:4)
  4 gnolls
  3 adders
  5 worms
  A dart slug (D:3)
  2 orcs (D:4)
  5 ball pythons
  7 bats
  5 endoplasms
  7 giant cockroaches
  5 hobgoblins
  5 jackals
  7 kobolds
  2 quokkas (D:3)
  A frilled lizard (D:1)
  3 goblins
  12 rats
76 creatures vanquished.

Table legend:
 A = Non-vault XP
 B = Vault XP
 C = Vault XP percentage of total XP
 D = Non-vault monster count
 E = Vault monster count
 F = Vault count percentage of total count
                 A         B        C        D         E       F
            +---------+---------+-------+---------+---------+-------
      Total |     336 |      11 |   3.2 |      66 |      10 |  13.2
            +---------+---------+-------+---------+---------+-------
        D:1 |      32 |       0 |   0.0 |      12 |       0 |   0.0
        D:2 |      68 |       8 |  10.5 |      20 |       8 |  28.6
        D:3 |      85 |       3 |   3.4 |      22 |       2 |   8.3
        D:4 |     151 |       0 |   0.0 |      12 |       0 |   0.0
            +---------+---------+-------+---------+---------+-------

Skill      XL: |  1  2  3  4  5 |
---------------+----------------+-----
Invocations    | 1 2 |  2.1
Short Blades   | 1 |  1.9
Long Blades    | 1 |  1.9
Maces & Flails | 1 |  1.9
Polearms       | 1 |  1.9
Staves         | 1 |  1.9
Ranged Weapons | 1 |  1.9
Throwing       | 1 |  1.9
Armour         | 1 |  1.9
Stealth        | 1 |  1.9
Shields        | 1 |  1.9
Unarmed Combat | 1 |  1.9
Spellcasting   | 1 |  1.9
Evocations     | 1 |  1.9
Conjurations   | 1 |  1.5
Hexes          | 1 |  1.5
Summonings     | 1 |  1.5
Necromancy     | 1 |  1.5
Translocations | 1 |  1.5
Transmutations | 1 |  1.5
Fire Magic     | 1 |  1.5
Ice Magic      | 1 |  1.5
Air Magic      | 1 |  1.5
Earth Magic    | 1 |  1.5
Poison Magic   | 1 |  1.5
Fighting       | |  6.8
Axes           | |  6.8
Dodging        | |  6.8

Action                     |  1- 3 |  4- 6 || total
---------------------------+-------+-------++-------
  Melee: Hand axe          |   102 |   151 ||   253
         Bite              |    13 |    16 ||    29
    Use: Scroll            |     2 |     6 ||     8
         Potion            |       |     1 ||     1
   Stab: Sleeping          |     1 |       ||     1
 Armour: Robe              |    20 |     2 ||    22
         Plate armour      |       |   104 ||   104
  Dodge: Dodged            |    56 |    26 ||    82

Illustrated notes

Table legend:
 A = Kills in this place as a percentage of kills in the entire game.
 B = Kills by you in this place as a percentage of kills by you in the entire game.
 C = Kills by friends in this place as a percentage of kills by friends in the entire game.
 D = Other kills in this place as a percentage of other kills in the entire game.
 E = Experience gained in this place as a percentage of experience gained in the entire game.
 F = Experience gained in this place divided by the number of levels of this place that you have seen.
                   A       B       C       D       E      F
               +-------+-------+-------+-------+-------+----------------------
         Total | 100.0 | 100.0 |   N/A |   N/A | 100.0 |  69.4
       Dungeon | 100.0 | 100.0 |   N/A |   N/A | 100.0 |  69.4
               +-------+-------+-------+-------+-------+----------------------

Table legend: (Time is in decaauts)
 A = Elapsed time spent in this place.
 B = Non-inter-level travel time spent in this place.
 C = Inter-level travel time spent in this place.
 D = Time resting spent in this place.
 E = Time spent auto-exploring this place.
 F = Levels seen in this place.
 G = Mean time per level.
                   A        B        C        D        E       F      G
               +--------+--------+--------+--------+--------+-----+--------+
         Total |   3559 |   3441 |    118 |     29 |   2831 |   5 |  711.8 |
       Dungeon |   3559 |   3441 |    118 |     29 |   2831 |   5 |  711.8 |
               +--------+--------+--------+--------+--------+-----+--------+

Top non-repeatable levels by time:
     D:3: 976 daAuts
     D:2: 917 daAuts
     D:4: 858 daAuts
     D:1: 746 daAuts
     D:5: 61 daAuts
